AoeStats
← SeemsFishy

Black Forest

507689822Analyzed
4v4 RM · 13d ago on Sep 19, 2026· 44m 1s· 8 players
Game mode
Random Map
Map size
Large (8 player)
Population
200
Speed
Normal
Resources
Standard
Victory
Conquest
Starting age
Dark Age
Ending age
Imperial Age
RankedLock teamsTeams togetherTeam positionsShared explorationLock speedFull tech treeHidden civsTurbo modeCheats
Victory
Defeat
🇩🇪 Italians · Germany
1619
+7
🇲🇴 Celts · Macao SAR China
1415
+14
🇬🇧 Poles · United Kingdom
1408
+14
🇩🇪 Khitans · Germany
1200
+22
🇸🇪 Spanish · Sweden
1433
-17
🇸🇪 Georgians · Sweden
1379
-15
🇸🇪 Japanese · Sweden
1347
-13
🇸🇪 Inca · Sweden
1308
-12
SeemsFishy
0:54 Loom
12:23 Feudal Age
16:23 Castle Age
17:00 Double-Bit Axe
17:37 Fletching
24:06 Bow Saw
24:09 Town Watch
24:28 Horse Collar
25:31 Gold Mining
25:32 Stone Mining
25:49 Heavy Plow
26:25 Bodkin Arrow
31:27 Imperial Age
30:05 Stone Shaft Mining
30:10 Wheelbarrow
31:34 Padded Archer Armor
31:15 Crossbowman
32:18 Bracer
32:20 Arbalester
33:38 Leather Archer Armor
35:28 Ballistics
36:08 Chemistry
36:16 Thumb Ring
35:31 Elite Skirmisher
36:19 Scale Mail Armor
36:29 Forging
40:21 Conscription
40:25 Lechitic Legacy
41:21 Chain Mail Armor
41:42 Iron Casting
40:45 Elite Obuch
42:59 Plate Mail Armor
44:29 Hoardings
LM | Bumpi
0:39 Loom
12:13 Feudal Age
16:55 Castle Age
16:44 Double-Bit Axe
18:25 Horse Collar
18:56 Bow Saw
21:54 Fortified Wall
27:48 Wheelbarrow
26:59 Town Watch
28:09 Fletching
32:35 Imperial Age
30:50 Gold Mining
31:30 Hand Cart
31:13 Stone Mining
31:56 Bodkin Arrow
32:01 Padded Archer Armor
32:24 Ballistics
32:50 Stone Shaft Mining
34:19 Chemistry
33:26 Bracer
33:58 Conscription
33:54 Heavy Plow
35:12 Two-Man Saw
36:00 Crop Rotation
35:47 Masonry
37:50 Silk Road
37:35 Elite Genoese Crossbowman
39:21 Hoardings
39:34 Thumb Ring
40:59 Caravan
42:49 Leather Archer Armor
golden Eagle
0:27 Loom
12:55 Feudal Age
17:30 Castle Age
16:14 Domestication
16:30 Double-Bit Axe
19:21 Bow Saw
21:20 Pastoralism
33:03 Imperial Age
31:22 Padded Archer Armor
31:13 Fletching
32:47 Bodkin Arrow
33:08 Leather Archer Armor
32:54 Scale Mail Armor
33:05 Forging
33:17 Stone Mining
33:18 Gold Mining
33:13 Heavy Cavalry Archer
34:47 Transhumance
35:36 Two-Man Saw
35:47 Wheelbarrow
36:04 Stone Shaft Mining
34:52 Elite Liao Dao
35:50 Scale Barding Armor
36:02 Gambesons
36:18 Squires
37:21 Lamellar Armor
37:38 Conscription
37:40 Chain Mail Armor
38:00 Iron Casting
37:47 Chain Barding Armor
36:51 Elite Skirmisher
38:13 Arson
39:19 Light Cavalry
40:55 Ordo Cavalry
43:10 Plate Mail Armor
43:16 Plate Barding Armor
42:42 Bracer
43:13 Ring Archer Armor
42:52 Thumb Ring
HOU
5:19 Loom
11:33 Feudal Age
15:21 Castle Age
13:23 Double-Bit Axe
13:38 Horse Collar
16:16 Heavy Plow
16:28 Bow Saw
23:22 Gold Mining
23:23 Stone Mining
24:47 Wheelbarrow
23:58 Town Watch
28:35 Imperial Age
27:08 Gold Shaft Mining
27:38 Stone Shaft Mining
27:09 Scale Barding Armor
27:17 Forging
26:29 Man-at-Arms
26:55 Gambesons
27:35 Scale Mail Armor
27:45 Fletching
27:40 Treadmill Crane
28:49 Iron Casting
27:36 Long Swordsman
27:37 Pikeman
28:53 Hand Cart
28:55 Chain Mail Armor
28:40 Two-Handed Swordsman
29:54 Ballistics
30:48 Chemistry
30:52 Conscription
31:53 Blast Furnace
30:49 Bodkin Arrow
31:34 Coinage
31:44 Ballistics
31:01 Capped Ram
32:11 Guilds
32:02 Caravan
32:06 Champion
32:11 Halberdier
34:04 Furor Celtica
33:56 Onager
35:45 Hoardings
35:44 Plate Mail Armor
36:26 Siege Onager
38:01 Padded Archer Armor
38:07 Scale Barding Armor
38:13 Masonry
38:09 Siege Engineers
38:14 Fortified Wall
39:08 Siege Ram
40:33 Leather Archer Armor
40:39 Chain Barding Armor
40:50 Stronghold
General_Boom
9:06 Loom
10:57 Feudal Age
11:38 Feudal Age
15:56 Castle Age
15:07 Double-Bit Axe
23:08 Bow Saw
24:17 Horse Collar
25:30 Heavy Plow
27:58 Wheelbarrow
27:09 Town Watch
29:16 Hand Cart
34:51 Imperial Age
33:30 Padded Archer Armor
34:39 Leather Archer Armor
35:15 Fortified Wall
35:10 Gold Mining
36:59 Chemistry
36:34 Ring Archer Armor
37:37 Two-Man Saw
37:42 Bloodlines
37:33 Husbandry
38:40 Conscription
39:32 Elite Conquistador
41:05 Masonry
Peliboonen
0:27 Loom
11:03 Feudal Age
13:42 Double-Bit Axe
16:31 Castle Age
15:17 Forging
15:04 Horse Collar
16:30 Scale Barding Armor
17:53 Bow Saw
17:43 Gold Mining
18:08 Stone Mining
24:32 Wheelbarrow
24:07 Husbandry
24:48 Heavy Plow
25:49 Bloodlines
27:03 Hand Cart
32:21 Imperial Age
32:37 Iron Casting
33:28 Conscription
34:06 Crop Rotation
35:42 Stone Shaft Mining
34:31 Elite Monaspa
36:58 Blast Furnace
35:42 Capped Ram
36:59 Aznauri Cavalry
37:33 Chain Barding Armor
40:37 Caravan
40:21 Onager
42:31 Coinage
42:13 Guilds
Elax
1:28 Loom
14:11 Feudal Age
15:35 Double-Bit Axe
15:30 Horse Collar
21:50 Castle Age
27:42 Wheelbarrow
32:06 Heavy Plow
32:22 Bow Saw
35:52 Imperial Age
33:59 Scale Mail Armor
34:10 Forging
35:01 Chain Mail Armor
34:56 Heavy Plow
34:52 Gold Mining
36:12 Hand Cart
36:27 Elite Kamayuk
38:35 Gold Shaft Mining
38:42 Iron Casting
38:37 Plate Mail Armor
39:02 Fabric Shields
41:36 Blast Furnace
41:25 Onager
TheSniper
3:00 Loom
4:39 Loom
11:11 Feudal Age
12:27 Horse Collar
12:34 Double-Bit Axe
20:01 Fletching
23:00 Castle Age
23:14 Wheelbarrow
22:46 Gold Mining
22:43 Town Watch
24:02 Heavy Plow
25:27 Town Patrol
25:30 Bodkin Arrow
25:48 Bow Saw
29:12 Guard Tower
35:18 Imperial Age
34:06 Forging
33:57 Scale Mail Armor
35:23 Iron Casting
38:17 Crossbowman
39:36 Elite Skirmisher
41:22 Chain Mail Armor
41:22 Padded Archer Armor
44:05 Two-Man Saw
Connection lost

Rejoining the realm…

Still unreachable

The connection could not be restored.

Session expired

The server has moved on; the page needs a fresh start.